 Dungeon Crawl Stone Soup version 0.26-b1-32-g5d43845318 (webtiles) character file.

Game seed: 7380400625720117774

544 Borgoz the Cudgeller (level 7, -2/43 HPs)
             Began as a Gargoyle Gladiator on Jan 10, 2021.
             Slain by a cyclops (28 damage)
             ... on level 7 of the Dungeon.
             The game lasted 00:04:38 (3455 turns).

Borgoz the Cudgeller (Gargoyle Gladiator)           Turns: 3455, Time: 00:04:38

Health: -2/43      AC:  9    Str: 18    XL:     7   Next: 27%
Magic:  7/7        EV: 13    Int:  8    God:
Gold:   244        SH:  0    Dex: 13    Spells: 6/6 levels left

rFire    . . .     SeeInvis .   a - +0 flail
rCold    + . .     Faith    .   (no shield)
rNeg     + . .     Spirit   .   b - +0 leather armour
rPois    ∞         Reflect  .   c - +0 helmet
rElec    +         Harm     .   (no cloak)
rCorr    .         Rampage  .   (no gloves)
Will     .....                  (no boots)
Stlth    +.........             (no amulet)
HPRegen  0.14/turn              k - ring of protection from cold
MPRegen  0.10/turn              (no ring)

@: no status effects
A: negative energy resistance 1, electricity resistance, unbreathing,
petrification resistance, miasma immunity, AC +4
a: no special abilities


You were on level 7 of the Dungeon.
You visited 1 branch of the dungeon, and saw 5 of its levels.

You collected 244 gold pieces.

Inventory:

Hand Weapons
 a - a +0 flail (weapon)
Armour
 b - a +0 leather armour (worn)
 c - a +0 helmet (worn)
Jewellery
 k - a ring of protection from cold (left hand)
Scrolls
 e - 2 scrolls of remove curse {unknown}
 f - a scroll of noise {unknown}
 g - 2 scrolls of enchant armour {unknown}
 h - a scroll of identify {unknown}
 j - 3 scrolls of magic mapping {unknown}
 l - a scroll of amnesia {unknown}
 m - a scroll of fear {unknown}
 o - a scroll of immolation {unknown}
 p - a scroll of teleportation {unknown}
Potions
 i - 3 potions of flight {unknown}
 n - a potion of heal wounds
 q - 2 potions of brilliance
 r - a potion of degeneration {unknown}
 s - a potion of lignification {unknown}


   Skills:
 + Level 4.2 Fighting
 * Level 5.5 Maces & Flails
 - Level 1.7 Throwing
 + Level 3.4 Armour
 + Level 3.7 Dodging


You had 6 spell levels left.
You didn't know any spells.
Your spell library was empty.

Dungeon Overview and Level Annotations

Branches:
Dungeon (4/15)
 Temple: D:4-7

Altars:
Dithmenos
Elyvilon
Fedhas
Hepliaklqana
Nemelex Xobeh
Qazlal


Innate Abilities, Weirdness & Mutations

You are resistant to torment.
Your stone body is resilient. (AC +4)
You are immune to poison.
You resist negative energy. (rN+)
You are resistant to electric shocks. (rElec)
You can survive without breathing.
You are immune to petrification.
You are immune to miasma.


Message History

The killer bee is lightly wounded.
The killer bee barely misses you. The killer bee closely misses you.
You hit the cyclops.
The cyclops is lightly wounded.
You completely miss the cyclops.
The cyclops is lightly wounded.
The cyclops hits you!!
Ouch! That really hurt!
* * * LOW HITPOINT WARNING * * *
You hear a shout!
You feel much better.
Throw: throwing net
Press: ? - help, Q - select action Shift-Dir - straight line, f - cyclops
Aim: a cyclops, quivering 6 large rocks (lightly wounded, immune to nets)
You throw a throwing net. The throwing net hits the cyclops.
The cyclops is too large for the net to hold!
The cyclops is lightly wounded.
The cyclops hits you!!
Ouch! That really hurt!
You die...

#.....⌠.....#
#.#.._._....#
#..#.....#..#
##..#...#..##
##..#.#..##
##.....##
###y###
#.C#..#
#@#$#.#
#.#.#...
#.#.# #.#
#..#. .# ###
# #


You could see a cyclops and a killer bee.

Vanquished Creatures
  Grinder (D:3)
  A sky beast (D:7)
  A scorpion (D:7)
  An orc priest (D:4)
  An orc wizard (D:3)
  A worker ant (D:4)
  3 gnolls (D:4)
  3 adders
  2 worms
  10 dart slugs
  A leopard gecko (D:3)
  6 orcs
  A ball python (D:3)
  2 bats
  3 giant cockroaches
  A goblin (D:3)
  5 hobgoblins
  3 quokkas
  3 frilled lizards
  2 kobolds
  A quokka skeleton (D:4)
  7 rats
59 creatures vanquished.

Notes
Turn   | Place    | Note
-------+----------+-------------------------------------------
     0 | D:1      | Borgoz the Gargoyle Gladiator began the quest for the Orb.
     0 | D:1      | Reached XP level 1. HP: 12/12 MP: 1/1
   211 | D:1      | Reached XP level 2. HP: 18/18 MP: 2/2
  1173 | D:2      | Found a white marble altar of Elyvilon.
  1272 | D:2      | Reached skill level 1 in Armour
  1272 | D:2      | Reached XP level 3. HP: 22/22 MP: 3/3
  1296 | D:2      | Found a stormy altar of Qazlal.
  1612 | D:3      | Found a hazy altar of Hepliaklqana.
  1664 | D:3      | Reached XP level 4. HP: 24/27 MP: 4/4
  1810 | D:3      | Noticed Grinder
  1811 | D:3      | Paralysed by Grinder for 6 turns
  1848 | D:3      | Paralysed by Grinder for 7 turns
  1855 | D:3      | Killed Grinder
  1856 | D:3      | Reached skill level 4 in Maces & Flails
  1856 | D:3      | Reached XP level 5. HP: 15/32 MP: 5/5
  1856 | D:3      | Reached XP level 6. HP: 18/37 MP: 6/6
  2361 | D:3      | Found a shadowy altar of Dithmenos.
  2743 | D:4      | Reached skill level 5 in Maces & Flails
  3168 | D:4      | You fall into a shaft and drop 3 floors!
  3191 | D:7      | Noticed a sky beast
  3203 | D:7      | Reached XP level 7. HP: 38/43 MP: 7/7
  3424 | D:7      | Found a blossoming altar of Fedhas.
  3424 | D:7      | Found a blossoming altar of Fedhas.
  3426 | D:7      | Found a sparkling altar of Nemelex Xobeh.
  3426 | D:7      | Found a white marble altar of Elyvilon.
  3447 | D:7      | Noticed a cyclops
  3455 | D:7      | Slain by a cyclops

Illustrated notes

Levels and vault maps discovered:
D:1:      dpeg_arrival_long_road, layout_basic
D:2:      layout_loops_ring, grunt_qazlal_clouds, elyvilon_altar_1
D:3:      layout_loops_ring, nicolae_dithmenos_through_a_glass_darkly,
          marbit_many_paths, kennysheep_nondescript, uniq_grinder
D:4:      kennysheep_slugbush, layout_rooms, nzn_wu_jian_council_hall,
          minmay_vboxes
D:7:      minmay_the_grid_octo_tiled_squarecenter [minmay_the_grid_octo_shrine,
          minmay_the_grid_octo_teeth, minmay_the_grid_octo_clover_2,
          minmay_the_grid_octo_fan_narrow,
          minmay_the_grid_square_5x5_megaprize_diamond,
          minmay_the_grid_square_5x5_empty,
          minmay_the_grid_square_5x5_sharp_hourglass,
          minmay_the_grid_square_5x5_two, minmay_the_grid_square_5x5_minibox],
          layout_gridville, old_standard_altar

Skill      XL: |  1  2  3  4  5  6 |
---------------+-------------------+-----
Armour         | 1 2 3 |  3.4
Fighting       | 3 4 |  4.2
Maces & Flails | 4 5 |  5.5
Dodging        | 3 |  3.7
Throwing       | |  1.7

Action                   |  1- 3 |  4- 6 |  7- 9 || total
-------------------------+-------+-------+-------++-------
Melee: Flail             |    59 |   155 |    53 ||   267
Throw: Throwing net      |       |     3 |     1 ||     4
  Use: Scroll            |     1 |       |       ||     1
       Potion            |       |     4 |     1 ||     5
Armor: Leather armour    |    28 |    75 |    24 ||   127
Dodge: Dodged            |    47 |   132 |    45 ||   224
